 Dungeon Crawl Stone Soup version 0.18-a0-1060-g4fac74f (webtiles) character file.

566 gorblad the Cutter (level 7, -5/44 HPs)
             Began as a Kobold Fighter on Jan 13, 2016.
             Killed by divine providence
             ... invoked by an orc priest
              (13 damage)
             ... on level 4 of the Dungeon.
             The game lasted 00:08:34 (3623 turns).

gorblad the Cutter (Kobold Fighter)                 Turns: 3623, Time: 00:08:35

Health: -5/44      AC:  6    Str: 15    XL:     7   Next: 59%
Magic:  7/7        EV: 16    Int:  6    God:
Gold:   150        SH:  0    Dex: 17    Spells: 0 memorised, 6 levels left

rFire  . . .     SeeInvis .     a - +1 rapier
rCold  . . .     Gourm    .     o - +0 ring mail
rNeg   . . .     Faith    .     (shield restricted)
rPois  .         Spirit   .     j - +0 helmet
rElec  .         Dismiss  .     (no cloak)
rCorr  .         Reflect  .     (no gloves)
SustAt .         Harm     .     (no boots)
MR     .....                    (no amulet)
Stlth  +++.......               (no ring)
                                (no ring)

@: not resistant to hostile enchantments, fairly stealthy
A: carnivore 3
a: no special abilities


You were on level 4 of the Dungeon.
You were completely stuffed.

You visited 1 branch of the dungeon, and saw 4 of its levels.

You collected 150 gold pieces.

Inventory:

Hand Weapons
 a - a +1 rapier (weapon)
Armour
 b - a +0 scale mail
 c - a +0 shield
 j - a +0 helmet (worn)
 o - a +0 ring mail (worn)
Jewellery
 i - an uncursed ring of magical power
Wands
 h - a wand of confusion (16/48)
 l - a wand of confusion (34/48)
Scrolls
 e - a scroll of remove curse
Potions
 d - a potion of haste
 k - a potion of curing {unknown}
 n - a potion of mutation
Comestibles
 f - 2 meat rations
 g - 2 slices of pizza
 m - 2 chunks of flesh
 p - a beef jerky


   Skills:
 + Level 4.5 Fighting
 * Level 6.0 Short Blades
 - Level 2.4 Armour
 * Level 4.7 Dodging
 * Level 5.1 Stealth
 - Level 2.4 Shields


You had 6 spell levels left.
You didn't know any spells.

Dungeon Overview and Level Annotations

Branches:
Dungeon (4/15)
 Temple: D:4-7

Altars:
Elyvilon
Qazlal
Trog
Yredelemnul
Zin

Shops:
D:2 *


Innate Abilities, Weirdness & Mutations

You are small and have problems with some larger weapons.
You are carnivorous and can eat meat at any time.


Message History

The orc priest is lightly wounded.
The orc wizard miscasts a cantrip.
The orc priest hits you but does no damage.
The orc wizard barely misses you.
The orc priest casts a cantrip, but nothing happens.
The orc wizard looks braver for a moment.
The orc wizard casts a cantrip, but nothing happens.
The orc wizard gestures at you while chanting.
The puff of flame hits you!
The orc wizard miscasts a cantrip.
The orc priest looks braver for a moment.
The orc wizard points at you and mumbles some strange words.
The magic dart hits you!
The orc priest invokes the aid of Beogh against you.
Something smites you!
* * * LOW HITPOINT WARNING * * *
The orc wizard miscasts a cantrip.
The orc priest mumbles some strange prayers to Beogh against you.
Something smites you!
You die...

#...........#
#......÷....#
##.........(.#
#<(..........#
#.#..#.#########
#.#..#.#######
#.#..#........
#.#..#.#######
###.#.@÷........
..>##.#########
###.##o.........
#...........###
#....o......#
#...o..<....#
#...........#
###o#########
#......o..#


You could see 2 orc priests, an orc wizard and an orc.

Vanquished Creatures
  A phantom (D:4)
  An ogre (D:3)
  The ghost of gorblad the Gusty, an amateur DrAE (D:3)
  A giant frog skeleton (D:4)
  Jessica (D:3)
  Natasha (twice) (D:4)
  An iguana (D:3)
  A worker ant (D:4)
  Robin (D:2)
  3 gnolls
  2 adders
  2 worms (D:3)
  5 giant geckos
  4 orcs (D:3)
  3 ball pythons
  4 bats
  A giant cockroach (D:1)
  12 hobgoblins
  8 jackals
  9 kobolds
  A quokka (D:2)
  3 giant newts
  17 goblins
  6 rats
90 creatures vanquished.

Notes
Turn   | Place    | Note
--------------------------------------------------------------
     0 | D:1      | gorblad the Kobold Fighter began the quest for the Orb.
     0 | D:1      | Reached XP level 1. HP: 14/14 MP: 1/1
    21 | D:1      | Reached skill level 1 in Dodging
    22 | D:1      | Reached XP level 2. HP: 14/19 MP: 2/2
   436 | D:1      | Reached skill level 1 in Stealth
   436 | D:1      | Reached XP level 3. HP: 2/23 MP: 3/3
   436 | D:1      | HP: 1/23 [poisoned by an adder]
  1230 | D:2      | Reached XP level 4. HP: 28/28 MP: 4/4
  1265 | D:2      | Noticed Robin
  1284 | D:2      | Killed Robin
  1482 | D:2      | Found a bloodstained altar of Trog.
  1489 | D:2      | Reached skill level 4 in Short Blades
  1757 | D:1      | Reached XP level 5. HP: 7/33 MP: 5/5
  2119 | D:2      | Found a stormy altar of Qazlal.
  2164 | D:2      | Found Zin's Purification Station.
  2170 | D:2      | Found a glowing silver altar of Zin.
  2478 | D:3      | Noticed gorblad's ghost (amateur DrAE)
  2496 | D:3      | Killed gorblad's ghost
  2496 | D:3      | Reached XP level 6. HP: 28/38 MP: 6/6
  2607 | D:3      | Reached skill level 5 in Short Blades
  2716 | D:3      | Noticed an ogre
  2730 | D:3      | Killed an ogre
  2937 | D:3      | Noticed Jessica
  2943 | D:3      | Killed Jessica
  2943 | D:3      | Reached XP level 7. HP: 43/43 MP: 7/7
  2945 | D:3      | Found a white marble altar of Elyvilon.
  2999 | D:3      | Found a basalt altar of Yredelemnul.
  3110 | D:4      | Noticed Natasha
  3121 | D:4      | Killed Natasha
  3358 | D:4      | Reached skill level 6 in Short Blades
  3358 | D:4      | Reached skill level 5 in Stealth
  3502 | D:4      | Noticed Natasha
  3511 | D:4      | Killed Natasha
  3623 | D:4      | Killed from afar by an orc priest

Vault maps used:
D:1:      sevenhm_arrival_forest_fort_small_5, minmay_liquid_box
D:2:      zin_purify, nicolae_qazlal_general_emergency,
          overflow_temple_1_default, first_bread, uniq_robin
D:3:      kennysheep_ying_yang, serial_bayou_crossing, uniq_jessica
D:4:      minmay_temple_entry_crystal_x, uniq_natasha

Action                   |  1- 3 |  4- 6 |  7- 9 || total
-------------------------+-------+-------+-------++-------
Melee: Rapier            |   154 |   183 |    61 ||   398
  Use: Scroll            |     4 |     4 |       ||     8
       Potion            |     1 |     2 |     1 ||     4
 Stab: Sleeping          |       |     1 |     1 ||     2
  Eat: Chunk             |     9 |     7 |     2 ||    18
